 Dungeon Sprint DCSS version 0.21.2 (webtiles) character file.

3953 Fang the Cleaver (level 10, 0/75 HPs)
             Began as a Gargoyle Berserker on Sept 25, 2018.
             Was a High Priest of Trog.
             Slain by a crocodile (15 damage)
             ... in the Dungeon (Sprint IX: "|||||||||||||||||||||||||||||").
             The game lasted 00:02:17 (1237 turns).

Fang the Cleaver (Gargoyle Berserker)               Turns: 1237, Time: 00:02:18

Health: 0/75       AC:  9    Str: 27    XL:     10   Next: 21%
Magic:  3/3        EV: 17    Int:  8    God:    Trog [*****.]
Gold:   0          SH:  0    Dex:  9    Spells: 9/9 levels left

rFire    . . .     SeeInvis .   c - +2 war axe (antimagic)
rCold    . . .     Gourm    .   (no shield)
rNeg     + . .     Faith    .   b - +0 animal skin
rPois    ∞         Spirit   .   (no helmet)
rElec    +         Reflect  .   (no cloak)
rCorr    .         Harm     .   (no gloves)
MR       .....     NoTele   +   (no boots)
Stlth    +++.......             (no amulet)
HPRegen  0.22/turn              j - +3 ring of strength
MPRegen  0.08/turn              o - +2 ring of evasion

@: berserk cooldown, slowed, very slow
A: negative energy resistance 1, electricity resistance, unbreathing,
petrification resistance, rot immunity, AC +7
a: Berserk, Trog's Hand, Brothers in Arms, Burn Spellbooks, Renounce Religion


You were in the Dungeon.
You worshipped Trog.
Trog was extremely pleased with you.
You were hungry.

You visited 1 branch

Inventory:

Hand Weapons
 a - a +0 hand axe
 c - a +2 antimagic war axe (weapon)
 n - a +1 broad axe of chopping
 p - a +2 antimagic battleaxe
Armour
 b - a +0 animal skin (worn)
Jewellery
 j - a +3 ring of strength (left hand)
 o - a +2 ring of evasion (right hand)
Wands
 m - a wand of iceblast (10)
Scrolls
 i - 3 scrolls of blinking
 l - 3 scrolls of remove curse
 r - a scroll of identify
 s - 4 scrolls of enchant armour
 t - a scroll of fear
Potions
 d - 6 potions of curing
 e - 3 potions of heal wounds
 f - a potion of haste
 g - 4 potions of magic
 h - 2 potions of berserk rage
 k - a potion of invisibility
 q - 2 potions of might


   Skills:
 + Level 14.1 Fighting
 + Level 14.1 Axes
 + Level 6.0 Armour
 + Level 8.3 Dodging
 + Level 5.2 Stealth


You had 9 spell levels left.
You didn't know any spells.

Dungeon Overview and Level Annotations

Branches:
Dungeon (1/1)

Altars:
Cheibriados
Dithmenos
Elyvilon
Fedhas
Gozag
Hepliaklqana
Kikubaaqudgha
Makhleb
Nemelex Xobeh
Okawaru
Qazlal
Ru
Sif Muna
Trog
Uskayaw
Vehumet
Wu Jian
Xom
Yredelemnul
Zin
The Shining One
Beogh
Jiyva
Lugonu


Innate Abilities, Weirdness & Mutations

You are resistant to torment.
Your stone body is resilient. (AC +7)
You are immune to poison.
You resist negative energy. (rN+)
You are resistant to electric shocks. (rElec)
You can survive without breathing.
You are immune to petrification.
You are immune to rotting.


Message History

* * * LOW HITPOINT WARNING * * *
You hit the hippogriff but do no damage.
The hippogriff is severely wounded.
The hippogriff bites you but does no damage.
The hippogriff pecks you.
* * * LOW HITPOINT WARNING * * *
The hippogriff misses you.
Unknown command.
You slash the hippogriff!
You kill the hippogriff!
Trog accepts your kill.
The crocodile bites you but does no damage.
Unknown command.
You butcher the dream sheep corpse.
The crocodile misses you.
You see here 2 chunks of flesh.
Eat one of 2 chunks of flesh? (ye/n/q)
You eat one of the 2 chunks of flesh.
This raw flesh tastes terrible.
You are feeling hungry.
The crocodile bites you!
You die...

▓.▓.▓_▓
▓.▓.▓_▓
▓.▓.▓_▓
▓.▓.▓_▓
▓.▓.▓_▓
▓.▓.▓_▓
▓.▓.▓_▓
▓†▓.▓_▓
▓@▓.▓_▓
▓t▓.▓_▓
▓w▓.▓_▓
▓F▓.▓_▓
▓Y▓.▓_▓
▓F▓.▓_▓
▓.▓.▓_▓
▓.▓.▓_▓
▓.▓_▓


You could see a torpor snail, a yak, a crocodile and 2 bullfrogs.

Vanquished Creatures
  A catoblepas (D)
  An ugly thing (D)
  A deep elf mage (D)
  2 spiny frogs (D)
  A dream sheep (D)
  3 hippogriffs (D)
  A hungry ghost (D)
  A vampire mosquito (D)
  3 water moccasins (D)
  A black bear (D)
  An ogre (D)
  A wolf (D)
  2 crocodiles (D)
  2 bullfrogs (D)
  A jelly (D)
  3 orc wizards (D)
  A worker ant (D)
  An adder zombie (D)
  An orc (D)
  A bat (D)
  A bat zombie (D)
  A hobgoblin (D)
  A kobold (D)
  A giant cockroach zombie (D)
  2 rats (D)
35 creatures vanquished.

Notes
Turn   | Place    | Note
-------+----------+-------------------------------------------
     0 | D        | Fang the Gargoyle Berserker began the quest for the Orb.
     0 | D        | Reached XP level 1. HP: 14/14 MP: 1/1
    12 | D        | Reached ** piety under Trog
    47 | D        | Noticed a worker ant
    47 | D        | Noticed an ogre
    47 | D        | Noticed an orc wizard
    49 | D        | Reached XP level 2. HP: 20/20 MP: 2/2
    51 | D        | Reached *** piety under Trog
    51 | D        | Reached skill level 5 in Fighting
    51 | D        | Reached XP level 3. HP: 26/26 MP: 3/3
    59 | D        | Killed an ogre
    59 | D        | Reached XP level 4. HP: 21/34 MP: 4/4
    59 | D        | Reached XP level 5. HP: 24/38 MP: 5/5
    66 | D        | Received a gift from Trog
   117 | D        | Found a roughly hewn altar of Beogh.
   117 | D        | Found a snail-covered altar of Cheibriados.
   117 | D        | Found a shadowy altar of Dithmenos.
   117 | D        | Found a white marble altar of Elyvilon.
   117 | D        | Found a blossoming altar of Fedhas.
   117 | D        | Found an opulent altar of Gozag.
   141 | D        | Found a hazy altar of Hepliaklqana.
   142 | D        | Found a viscous altar of Jiyva.
   143 | D        | Found an ancient bone altar of Kikubaaqudgha.
   144 | D        | Found a corrupted altar of Lugonu.
   145 | D        | Found a burning altar of Makhleb.
   233 | D        | Found a sparkling altar of Nemelex Xobeh.
   234 | D        | Found an iron altar of Okawaru.
   235 | D        | Found a stormy altar of Qazlal.
   236 | D        | Found a sacrificial altar of Ru.
   237 | D        | Found a deep blue altar of Sif Muna.
   238 | D        | Found a bloodstained altar of Trog.
   239 | D        | Found a hide-covered altar of Uskayaw.
   240 | D        | Found a radiant altar of Vehumet.
   241 | D        | Found an ornate altar of the Wu Jian Council.
   242 | D        | Found a shimmering altar of Xom.
   243 | D        | Found a basalt altar of Yredelemnul.
   244 | D        | Found a glowing silver altar of Zin.
   245 | D        | Found a glowing golden altar of the Shining One.
   273 | D        | Noticed a hungry ghost
   273 | D        | Noticed a hippogriff
   275 | D        | Reached **** piety under Trog
   286 | D        | Killed a hungry ghost
   286 | D        | Received a gift from Trog
   286 | D        | Reached XP level 6. HP: 46/46 MP: 6/6
   290 | D        | Killed a hippogriff
   290 | D        | Reached skill level 10 in Fighting
   290 | D        | Reached skill level 5 in Armour
   290 | D        | Reached XP level 7. HP: 53/53 MP: 7/7
   309 | D        | Reached ***** piety under Trog
   533 | D        | Noticed a deep elf mage
   533 | D        | Noticed a vampire mosquito
   533 | D        | Noticed a hippogriff
   533 | D        | Noticed a green ugly thing
   543 | D        | Killed a deep elf mage
   543 | D        | Reached skill level 10 in Axes
   543 | D        | Reached skill level 5 in Dodging
   543 | D        | Reached skill level 1 in Stealth
   543 | D        | Reached XP level 8. HP: 54/60 MP: 8/8
   550 | D        | Killed a hippogriff
   563 | D        | Killed a green ugly thing
   563 | D        | Received a gift from Trog
   565 | D        | Reached XP level 9. HP: 12/67 MP: 9/9
  1024 | D        | Noticed a spiny frog
  1042 | D        | Received a gift from Trog
  1043 | D        | Killed a spiny frog
  1211 | D        | Noticed a spiny frog
  1211 | D        | Noticed a catoblepas
  1211 | D        | Noticed a torpor snail
  1218 | D        | Killed a spiny frog
  1225 | D        | Killed a catoblepas
  1225 | D        | Reached XP level 10. HP: 43/74 MP: 3/10
  1228 | D        | Reached skill level 5 in Stealth
  1237 | D        | Slain by a crocodile

Skill      XL: |  1  2  3  4  5  6  7  8  9 10 |
---------------+-------------------------------+-----
Axes           | 3 4 6 8 9 10 12 13 14 | 14.1
Fighting       | 4 5 7 9 10 11 12 13 14 | 14.1
Armour         | 3 4 5 6 |  6.0
Dodging        | 2 3 4 5 6 8 |  8.3
Stealth        | 1 4 5 |  5.2

Action                   |  1- 3 |  4- 6 |  7- 9 | 10-12 || total
-------------------------+-------+-------+-------+-------++-------
Melee: Hand axe          |    20 |     7 |       |       ||    27
       Broad axe         |       |    14 |    43 |       ||    57
       Battleaxe         |       |       |    31 |       ||    31
       War axe           |       |       |    11 |     9 ||    20
Invok: Berserk           |     1 |     1 |     3 |       ||     5
       Brothers in Arms  |       |       |     1 |       ||     1
  Use: Potion            |       |       |     2 |       ||     2
 Stab: Petrified         |       |       |     5 |       ||     5
  Eat: Chunk             |       |       |     3 |     1 ||     4
       Ration            |       |       |     1 |       ||     1
Armor: Animal skin       |     4 |     5 |    31 |     4 ||    44
Dodge: Dodged            |    12 |     8 |    60 |    12 ||    92
